 Dungeon Sprint DCSS version 0.29-a0-356-g7bc237e783 (webtiles) character file.

Game seed: 4229726158847479488

33 Zeldest the Insei (level 3, 0/45 HPs)
             Began as a Demonspawn Monk on Apr 25, 2022.
             Slain by an ufetubus (2 damage)
             ... in the Dungeon (Sprint IX: "|||||||||||||||||||||||||||||").
             The game lasted 00:00:24 (54 turns).

Zeldest the Insei (Demonspawn Monk)                   Turns: 54, Time: 00:00:24

Health: 0/45       AC:  2    Str: 13    XL:     3   Next: 12%
Magic:  3/3        EV: 13    Int: 11    God:
Gold:   0          SH:  4    Dex: 15    Spells: 2/2 levels left

rFire   . . .      SeeInvis .     - Unarmed
rCold   . . .      Faith    .   (no shield)
rNeg    . . .      Spirit   .   a - +0 robe
rPois   .          Reflect  .   (no helmet)
rElec   .          Harm     .   (no cloak)
rCorr   .          Rampage  .   (no gloves)
Will    .....      NoTele   +   (no boots)
Stlth   ..........              (no amulet)
HPRegen 0.15/turn               (no ring)
MPRegen 0.08/turn               (no ring)

@: berserking (expiring), very quick
A: large bone plates 1, demonic touch 1
a: no special abilities


You were in the Dungeon.
You visited 1 branch

Inventory:

Armour
 a - a +0 robe (worn)
Scrolls
 h - a scroll of blinking
Potions
 b - a potion of ambrosia
 c - a potion of curing
 d - a potion of heal wounds
 e - a potion of haste
 f - 2 potions of magic


   Skills:
 + Level 4.3 Fighting
 + Level 3.9 Dodging
 - Level 1.7 Stealth
 * Level 4.8 Unarmed Combat


You had 2 spell levels left.
You didn't know any spells.
Your spell library was empty.

Dungeon Overview and Level Annotations

Branches:
Dungeon (1/1)

Altars:


Innate Abilities, Weirdness & Mutations

You are partially covered in large bone plates. (SH +4)
Your touch may inflict minor irresistible damage on your foes.


Message History

a ball python corpse; a jackal corpse; a giant cockroach corpse As you open the door, it creaks loudly! 2 adders, an ufetubus, an iguana and an orc come into view.
The iguana hisses angrily.
The ufetubus shouts!
The adder hisses angrily. x2
A red film seems to cover your vision as you go berserk!
You feel yourself moving faster!
You feel mighty! The orc hits you with a +0 hand axe.
You barely miss the orc. The orc misses you.
You punch the orc!
You kill the orc!
You have reached level 2!
Your demonic ancestry asserts itself...
Large bone plates grow over parts of your arms.
You hit the iguana.
The iguana is moderately wounded.
The iguana barely misses you.
You closely miss the iguana.
The iguana is moderately wounded.
You closely miss the iguana.
The iguana is moderately wounded.
The iguana bites you!
* * * LOW HITPOINT WARNING * * *
You punch the iguana! You punch the iguana.
You kill the iguana!
Your Fighting skill increases to level 4!
Your Unarmed Combat skill increases to level 4!
You have reached level 3!
Your experience leads to an increase in your attributes!
Increase (S)trength, (I)ntelligence, or (D)exterity?
You feel stronger. x2; Your demonic ancestry asserts itself...
Your hands begin to faintly glow with unholy energy.
You miss the ufetubus. The ufetubus closely misses you.
The ufetubus barely misses you.
You miss the ufetubus. The ufetubus barely misses you.
The ufetubus closely misses you.
You miss the ufetubus. The ufetubus misses you. The ufetubus hits you.
* * * LOW HITPOINT WARNING * * *
You barely miss the ufetubus. You block the ufetubus's attack.
The ufetubus hits you.
You die... ▓▓▓▓▓▓▓▓▓▓▓▓▓▓▓▓▓▓ +...SS5@...†'...<▓ ▓▓▓▓▓▓▓▓▓▓▓▓▓▓▓▓▓▓

You could see 2 adders and an ufetubus.

Vanquished Creatures
  An iguana (D)
  An orc (D)
  A ball python (D)
  A giant cockroach (D)
  A hobgoblin (D)
  A jackal (D)
  A rat (D)
7 creatures vanquished.

Notes
Turn   | Place    | Note
-------+----------+-------------------------------------------
     0 | D        | Zeldest the Demonspawn Monk began the quest for the Orb.
     0 | D        | Reached XP level 1. HP: 18/18 MP: 1/1
    42 | D        | Noticed an iguana
    46 | D        | Gained mutation: You are partially covered in large bone
                  | plates. (SH +4) [demonic ancestry]
    46 | D        | Reached XP level 2. HP: 13/24 MP: 2/2
    51 | D        | Gained mutation: Your touch may inflict minor irresistible
                  | damage on your foes. [demonic ancestry]
    51 | D        | Reached XP level 3. HP: 3/30 MP: 3/3
    53 | D        | HP: 2/45 [ufetubus (1)]
    54 | D        | Slain by an ufetubus

Illustrated notes

Levels and vault maps discovered:
D:        linesprint [early_d, line_temple, items_1, d_10, items_2, lair_1,
          lair_end, items_3, orc_1, orc_end, items_4, d_15, swamp_1, shoals_1,
          snake_1, spider_1, d_20, vaults_1, items_5, swamp_end, shoals_end,
          snake_end, spider_end, vaults_end, d_27, items_6, zot_1, zot_end,
          crypt_end, forest_end, elf_end, slime_end, tomb_end, abyss_end,
          pan_hell_end]

Skill      XL: |  1  2 |
---------------+-------+-----
Unarmed Combat | 3 4 |  4.8
Dodging        | 3 |  3.9
Fighting       | 4 |  4.3
Stealth        | |  1.7

Action                   || total
-------------------------++-------
Melee: Unarmed           ||    42
       Punch             ||     1
  Use: Potion            ||     1
Armor: Robe              ||     8
Dodge: Dodged            ||    26
Block: Other             ||     1

Table legend: (Time is in decaauts)
 A = Elapsed time spent in this place.
 B = Non-inter-level travel time spent in this place.
 C = Inter-level travel time spent in this place.
 D = Time resting spent in this place.
 E = Time spent auto-exploring this place.
 F = Levels seen in this place.
 G = Mean time per level.
                   A        B        C        D        E       F      G
               +--------+--------+--------+--------+--------+-----+--------+
         Total |     48 |     48 |      0 |      0 |      0 |   1 |   48.0 |
       Dungeon |     48 |     48 |      0 |      0 |      0 |   1 |   48.0 |
               +--------+--------+--------+--------+--------+-----+--------+

Top non-repeatable levels by time:
       D: 48 daAuts
